AoeStats
← Privilege

Lombardia

509554502Analyzed
4v4 RM · 4d ago on Sep 27, 2026· 47m 30s· 8 players
Game mode
Random Map
Map size
Large (8 player)
Population
200
Speed
Normal
Resources
Standard
Victory
Conquest
Starting age
Dark Age
Ending age
Imperial Age
RankedLock teamsTeams togetherTeam positionsShared explorationLock speedFull tech treeHidden civsTurbo modeCheats
Victory
Defeat
🇨🇳 Huns · China
1581
+17
🇨🇳 Gurjaras · China
1581
+17
🇨🇳 Danes · China
1461
+22
🇨🇳 Tatars · China
1380
+25
🇲🇽 Gurjaras · Mexico
1643
-22
🇲🇽 Cumans · Mexico
1636
-22
1588
-20
🇨🇳 Varangians · China
1525
-17
AiM | CaballeroTemplario
7:04 Loom
9:41 Feudal Age
10:21 Double-Bit Axe
20:44 Castle Age
19:37 Horse Collar
21:24 Scale Barding Armor
21:42 Bloodlines
22:21 Husbandry
27:32 Chain Barding Armor
28:29 Light Cavalry
30:22 Wheelbarrow
29:35 Town Watch
31:43 Bow Saw
35:15 Hand Cart
41:36 Imperial Age
39:11 Pikeman
39:54 Scale Mail Armor
39:50 Arson
42:03 Chain Mail Armor
41:48 Halberdier
43:08 Conscription
44:01 Two-Man Saw
43:47 Heavy Plow
44:29 Hussar
46:31 Masonry
46:43 Corvinian Army
NO MAMES
8:37 Loom
12:07 Feudal Age
15:48 Castle Age
13:47 Double-Bit Axe
13:45 Horse Collar
15:41 Wheelbarrow
16:49 Town Watch
17:38 Bow Saw
29:49 Imperial Age
27:27 Scale Barding Armor
27:32 Forging
28:38 Hand Cart
28:25 Gold Mining
29:59 Bloodlines
29:49 Husbandry
31:34 Chain Barding Armor
31:49 Iron Casting
32:35 Fletching
34:16 Fortified Wall
34:43 Plate Barding Armor
36:24 Gold Shaft Mining
35:41 Heavy Camel Rider
38:34 Chemistry
38:37 Caravan
40:05 Padded Archer Armor
40:16 Stone Mining
40:54 Light Cavalry
42:04 Hussar
45:14 Bodkin Arrow
我是你大飞哥
10:12 Feudal Age
9:42 Loom
11:12 Double-Bit Axe
15:24 Castle Age
23:56 Scale Barding Armor
25:30 Bloodlines
26:51 Horse Collar
27:29 Husbandry
29:16 Wheelbarrow
30:16 Bow Saw
33:17 Imperial Age
30:51 Scale Mail Armor
31:01 Forging
30:58 Squires
30:44 Arson
31:26 Gambesons
31:27 Arson
33:24 Iron Casting
33:05 Chain Mail Armor
34:21 Conscription
33:23 Gothikon
35:08 Blast Furnace
33:30 Elite Varangian Guard
35:37 Plate Mail Armor
38:26 Gold Mining
39:45 Chain Barding Armor
40:02 Fletching
40:12 Padded Archer Armor
42:01 Bodkin Arrow
42:21 Leather Archer Armor
43:09 Bracer
42:59 Elite Skirmisher
44:24 Ring Archer Armor
44:22 Ballistics
45:03 Chemistry
Kuvikoc
4:46 Loom
7:16 Loom
9:28 Feudal Age
10:12 Double-Bit Axe
10:09 Horse Collar
13:19 Town Watch
14:21 Wheelbarrow
20:40 Castle Age
18:58 Scale Mail Armor
19:50 Forging
20:22 Gold Mining
20:42 Pikeman
20:58 Capped Ram
26:38 Squires
28:16 Hand Cart
30:44 Scale Barding Armor
35:19 Imperial Age
32:57 Light Cavalry
33:47 Bloodlines
35:07 Chain Barding Armor
35:39 Iron Casting
36:18 Chain Mail Armor
36:38 Plate Barding Armor
35:31 Elite Steppe Lancer
36:11 Halberdier
37:46 Plate Mail Armor
39:17 Blast Furnace
39:08 Onager
40:46 Bow Saw
40:42 Heavy Plow
40:49 Fletching
43:05 Two-Man Saw
44:47 Siege Onager
SaKuRuaba Ema
11:41 Feudal Age
12:23 Double-Bit Axe
12:18 Horse Collar
15:33 Castle Age
16:59 Bow Saw
16:49 Heavy Plow
17:27 Wheelbarrow
22:14 Hand Cart
22:37 Loom
22:49 Gold Mining
23:02 Town Watch
23:16 Fletching
27:33 Bodkin Arrow
27:39 Scale Mail Armor
30:00 Heavy Plow
30:36 Stone Mining
31:22 Gold Shaft Mining
32:02 Squires
32:56 Chain Mail Armor
32:51 Forging
36:13 Imperial Age
33:51 Arson
36:16 Iron Casting
35:30 Gambesons
36:24 Sanctity
36:51 Stone Shaft Mining
36:05 Hamask
37:16 Conscription
38:03 Plate Mail Armor
38:34 Blast Furnace
37:28 Elite Jomsviking
39:06 Caravan
38:39 Capped Ram
39:59 Siege Ram
40:21 Onager
40:22 Northmen's Fury
41:18 Town Patrol
41:17 Siege Ram
42:26 Siege Engineers
42:02 Siege Onager
43:49 Coinage
47:11 Hoardings
46:38 Bracer
47:39 Chemistry
爱炸房的鳄鱼
9:18 Feudal Age
11:08 Double-Bit Axe
16:15 Castle Age
14:16 Horse Collar
17:34 Gold Mining
18:22 Wheelbarrow
18:11 Bow Saw
20:15 Loom
23:46 Bloodlines
23:53 Scale Mail Armor
23:59 Scale Barding Armor
24:58 Gold Shaft Mining
26:41 Heavy Plow
26:46 Stone Mining
28:43 Stone Shaft Mining
32:52 Imperial Age
31:13 Hand Cart
31:37 Husbandry
31:59 Chain Barding Armor
31:50 Forging
31:59 Forging
31:58 Kshatriyas
33:03 Heavy Camel Rider
34:13 Light Cavalry
35:41 Conscription
36:30 Chain Barding Armor
41:27 Plate Barding Armor
42:57 Caravan
43:02 Hussar
44:32 Masonry
Privilege
10:22 Feudal Age
11:16 Double-Bit Axe
15:35 Castle Age
13:57 Horse Collar
19:49 Loom
23:02 Wheelbarrow
23:25 Fletching
24:01 Bodkin Arrow
25:12 Gold Mining
25:49 Padded Archer Armor
27:45 Bow Saw
28:41 Ballistics
28:33 Thumb Ring
29:15 Leather Archer Armor
31:02 Gold Shaft Mining
31:16 Hand Cart
33:43 Imperial Age
32:03 Husbandry
32:14 Bloodlines
33:49 Heavy Cavalry Archer
34:55 Parthian Tactics
34:31 Bracer
36:34 Chemistry
36:05 Conscription
37:17 Caravan
38:29 Coinage
38:35 Town Watch
39:32 Scale Barding Armor
38:59 Elite Tarkan
39:39 Marauders
39:10 Light Cavalry
41:18 Chain Barding Armor
41:08 Forging
41:23 Atheism
42:02 Banking
41:44 Guilds
43:11 Plate Barding Armor
43:12 Iron Casting
44:37 Masonry
45:53 Blast Furnace
Rogue Knight
6:31 Loom
9:16 Feudal Age
11:20 Double-Bit Axe
13:18 Horse Collar
18:23 Gold Mining
21:37 Castle Age
22:58 Padded Archer Armor
22:49 Fletching
24:25 Wheelbarrow
24:16 Bow Saw
24:21 Bodkin Arrow
24:41 Leather Archer Armor
29:59 Hand Cart
30:55 Ballistics
30:40 Husbandry
30:51 Bloodlines
31:45 Stone Mining
32:30 Gold Shaft Mining
32:32 Hand Cart
35:28 Imperial Age
35:46 Heavy Cavalry Archer
37:37 Bracer
38:07 Ring Archer Armor
38:42 Chemistry
38:58 Silk Armor
Connection lost

Rejoining the realm…

Still unreachable

The connection could not be restored.

Session expired

The server has moved on; the page needs a fresh start.